Map: Galaktischer Prozess LE

Players

Eintopf - Winner!

  • Race: Terran Terran
  • League: Platinum

Twister

  • Race: Terran Terran
  • League: Silver

VOD

Have the link to the VOD?

Description

Time

  • Played on: Oct. 13, 2016, 5:02 p.m.
  • Length: 8:54
Show
View Real Time Build Order
Export as new Build Order

Eintopf Terran - Winner!

Build Orders: Reaper Expand 

Get SALT Encoding   

  12  0:02  SCV  
  13  0:14  SCV  
  13  0:19  Supply Depot  
  14  0:26  SCV  
  15  0:41  SCV  
  15  0:42  Barracks  
  16  0:48  Refinery  
  16  0:53  SCV  
  17  1:05  SCV  
  18  1:17  SCV  
  19  1:29  Orbital Command  
  19  1:31  Reaper  
  20  1:44  Command Center  
  20  1:55  Supply Depot, SCV  
  21  2:07  Barracks  
  21  2:11  SCV  
  21  2:12  Barracks Reactor  
  22  2:23  SCV, Refinery  
  23  2:35  SCV  
  24  2:38  Factory  
  24  2:47  SCV  
  25  2:58  Marine x2, Barracks Tech Lab  
  26  3:00  SCV, Orbital Command  
  27  3:12  SCV  
  28  3:18  Marine x2  
  28  3:19  Marine  
  31  3:22  Stimpack  
  31  3:24  Bunker  
  31  3:28  Starport  
  31  3:31  Factory Reactor  
  31  3:34  SCV  
  31  3:35  SCV  
  31  3:38  Marine  
  31  3:40  Marine  
  35  3:42  Marine  
  35  3:46  SCV  
  35  3:47  SCV  
  38  3:55  Marine  
  38  3:59  SCV  
  38  4:00  SCV, Marine x2  
  43  4:18  Command Center  
  43  4:22  Medivac  
  45  4:28  SCV x2, Medivac  
  49  4:32  Marine x2  
  49  4:33  Marine  
  52  4:40  SCV x2  
  54  4:47  Factory Tech Lab  
  54  4:50  Marine  
  54  4:52  SCV  
  56  4:53  SCV  
  57  5:09  Marine x2  
  57  5:10  Marauder  
  57  5:11  SCV  
  62  5:18  Supply Depot, Engineering Bay  
  62  5:19  Supply Depot  
  62  5:21  Engineering Bay  
  62  5:29  SCV, Marine x2  
  62  5:31  Barracks  
  65  5:37  Barracks  
  65  5:40  SCV x2  
  67  5:42  Supply Depot  
  67  5:44  Supply Depot  
  67  5:49  Marine  
  67  5:50  Marine  
  67  5:55  Medivac x2  
  71  6:12  Orbital Command, Refinery  
  71  6:13  SCV, Refinery  
  71  6:14  SCV  
  71  6:18  Marine x4  
  69  6:26  SCV  
  66  6:42  Marine  
  66  6:43  Marine x2, Barracks Reactor  
  65  7:04  Medivac x2  
  65  7:05  Marine x3  
  65  7:06  Supply Depot, Siege Tank  
  65  7:07  Supply Depot  
  76  7:14  Orbital Command  
  76  7:18  Barracks Reactor  
  75  7:22  Marine  
  75  7:23  Marine x2  
  78  7:33  SCV x2  
  80  7:38  Siege Tank  
  80  7:39  Marine  
  80  7:40  Marine x3  
  80  7:41  Marauder  
  89  7:45  SCV  
  90  7:56  Marine x2  
  90  7:57  Supply Depot, Marine  
  93  8:00  Supply Depot  
  93  8:02  SCV x2  
  93  8:03  Marauder  
  97  8:10  Siege Tank  
  100  8:15  Supply Depot  
  100  8:21  Marine x4  
  100  8:22  Marine  
  100  8:24  Marauder  
  107  8:29  Marine  
Show
View Real Time Build Order
Export as new Build Order

Twister Terran 

Build Orders: MMM Bio 

Get SALT Encoding   

  12  0:02  SCV  
  13  0:16  Supply Depot  
  13  0:18  SCV  
  14  0:30  SCV  
  15  0:42  SCV  
  16  0:45  Barracks  
  16  0:54  SCV  
  17  1:07  SCV  
  18  1:19  SCV  
  20  1:37  Orbital Command  
  19  1:41  Refinery  
  19  1:45  Command Center  
  19  1:53  Supply Depot  
  19  1:56  Marine, Barracks  
  20  2:02  SCV  
  21  2:14  SCV, Engineering Bay  
  22  2:18  Marine  
  23  2:36  Marine, Bunker  
  25  2:37  SCV  
  25  2:45  Barracks Tech Lab  
  25  2:49  SCV  
  25  2:50  Barracks  
  26  3:01  SCV  
  26  3:02  Barracks Reactor  
  27  3:13  SCV  
  27  3:14  Orbital Command  
  28  3:25  SCV  
  29  3:35  Missile Turret  
  29  3:37  SCV  
  29  3:39  SCV  
  31  3:48  Barracks Reactor  
  31  3:49  SCV  
  31  3:52  SCV  
  33  3:57  Marine  
  33  3:58  Marine x2  
  33  4:01  SCV  
  33  4:02  Combat Shields  
  37  4:04  SCV  
  38  4:13  SCV  
  38  4:15  Marine  
  38  4:16  SCV, Marine x2  
  43  4:25  Refinery  
  43  4:26  SCV  
  43  4:28  SCV  
  45  4:33  Marine  
  46  4:45  Supply Depot  
  46  4:46  Command Center  
  46  4:47  Supply Depot  
  46  4:51  Supply Depot, Marine x2  
  46  4:52  SCV x2  
  50  5:04  SCV x2  
  52  5:09  Factory  
  52  5:11  Factory  
  52  5:16  SCV x2  
  54  5:28  SCV x2  
  56  5:40  SCV x2  
  50  5:52  SCV x2  
  50  5:56  Marine x3  
  51  6:01  Marine x2  
  47  6:04  SCV  
  47  6:13  Marine  
  47  6:14  Marine x2  
  42  6:29  Stimpack  
  42  6:30  Marine x2  
  42  6:31  Marine x2  
  42  6:32  Marine  
  42  7:04  SCV x2  
  44  7:09  Command Center  
  44  7:16  SCV x2  
  46  7:28  SCV x2  
  48  7:40  SCV  
  48  7:41  SCV  
  50  7:44  Marine x2  
  50  7:45  Marine x3  
  55  7:52  SCV  
  55  7:53  SCV, Factory Tech Lab, Factory Reactor  
  57  8:02  Marine x3  
  57  8:04  SCV  
  57  8:05  SCV  
  62  8:16  SCV  
  62  8:17  SCV  
  64  8:28  SCV  
  64  8:29  SCV  
  64  8:30  Refinery  
  64  8:41  SCV x2  
Tags
 
Add a new tag
Caveats
  • Supply blocks, unpowered buildings, or Contaminate may cause inaccurate times.
  • Supply counts are checked every 10 seconds.